 Dungeon Crawl Stone Soup version 0.23-a0-644-gb60d84b (webtiles) character file.

8792 Borgoz the Grappler (level 11, -3/92 HPs)
             Began as a Ghoul Gladiator on Jan 1, 2019.
             Slain by an orc warrior
             ... wielding a +0 long sword
              (12 damage)
             ... on level 9 of the Dungeon.
             The game lasted 00:21:41 (10575 turns).

Borgoz the Grappler (Ghoul Gladiator)              Turns: 10575, Time: 00:21:41

Health: -3/92      AC:  6    Str: 19    XL:     11   Next: 36%
Magic:  12/12      EV: 18    Int:  3    God:
Gold:   595        SH:  0    Dex: 19    Spells: 10/10 levels left

rFire    + . .     SeeInvis .     - Unarmed
rCold    + . .     Gourm    .   (no shield)
rNeg     + + +     Faith    .   A - +1 leather armour {rF+}
rPois    ∞         Spirit   .   b - +0 helmet
rElec    +         Reflect  .   (no cloak)
rCorr    .         Harm     +   (no gloves)
MR       .....                  (no boots)
Stlth    ++........             G - amulet of harm
HPRegen  0.00/turn              a - +3 ring of dexterity
MPRegen  0.13/turn              p - ring of Elyvilon's Regard {rElec Dex+3 Stlth+}

@: rotting, slowed, very slow
A: rotting body, claws 1, carnivore, cold resistance 1, negative energy
resistance 3, inhibited regeneration, torment resistance, unbreathing
a: no special abilities


You were on level 9 of the Dungeon.
You were not hungry.

You visited 2 branches of the dungeon, and saw 12 of its levels.
You also visited: Sewer.

You collected 595 gold pieces.

Inventory:

Hand Weapons
 w - a +1 dagger of draining
Missiles
 c - 5 throwing nets (quivered)
Armour
 b - a +0 helmet (worn)
 A - a +1 leather armour of fire resistance (worn)
 F - the +1 leather armour of Patterns {*Slow rC+ rN+ Regen+}
   (You found it on level 6 of the Dungeon)

   It protects you from cold.
   It protects you from negative energy.
   It increases your rate of regeneration.
   It may slow you when you take damage.
Jewellery
 a - a +3 ring of dexterity (left claw)
 l - an uncursed ring of wizardry
 p - the ring of Elyvilon's Regard (right claw) {rElec Dex+3 Stlth+}
   (You found it on level 4 of the Dungeon)

   [ring of stealth]

   It affects your dexterity (+3).
   It insulates you from electricity.
   It makes you more stealthy.
 y - an uncursed ring of resist corrosion
 D - an uncursed ring of flight
 G - an amulet of harm (around neck)
Wands
 k - a wand of clouds (7)
 C - a wand of random effects (8)
 K - a wand of flame (6)
Scrolls
 e - a scroll of torment
 g - 2 scrolls of blinking
 h - 15 scrolls of teleportation
 i - 3 scrolls of enchant armour
 m - a scroll of fear
 o - 2 scrolls of remove curse
 t - 2 scrolls of fog
 u - 2 scrolls of noise
 v - a scroll of magic mapping
 z - 2 scrolls of enchant weapon
 B - 2 scrolls of immolation
 E - 2 scrolls of amnesia
 I - a scroll of brand weapon {unknown}
 M - a scroll of random uselessness {unknown}
Potions
 j - a potion of haste
 n - 3 potions of might
 q - 4 potions of brilliance
 r - 2 potions of flight
 s - 2 potions of agility
 H - 2 potions of resistance
 J - 2 potions of lignification {unknown}
 L - 2 potions of degeneration {unknown}
Comestibles
 d - 21 rations
 x - a chunk of flesh


   Skills:
 + Level 7.0 Fighting
 - Level 1.7 Throwing
 + Level 6.1 Armour
 + Level 7.5 Dodging
 + Level 12.9 Unarmed Combat
 + Level 3.8 Evocations


You had 10 spell levels left.
You didn't know any spells.
Your spell library was empty.

Dungeon Overview and Level Annotations

Branches:
Dungeon (11/15)            Temple (1/1) D:5            Lair (0/6) D:8
    Orc: D:9-12

Altars:
Ashenzari
Cheibriados
Dithmenos
Elyvilon
Fedhas
Gozag
Hepliaklqana
Kikubaaqudgha
Makhleb
Nemelex Xobeh
Okawaru
Qazlal
Ru
Sif Muna
Trog
Uskayaw
Vehumet
Wu Jian
Xom
Yredelemnul
Zin
The Shining One

Shops:
D:8 [

Annotations:
D:8 exclusion: ice statue
D:9 2 transporters, bli's ghost, journeyman DrFi


Innate Abilities, Weirdness & Mutations

Your body is rotting away.
You thrive on raw meat.
You are immune to poison.
You have sharp fingernails.
You are carnivorous and can eat meat at any time.
Your flesh is cold resistant. (rC+)
You are immune to negative energy. (rN+++)
You do not regenerate when monsters are visible.
You are immune to unholy pain and torment.
You can survive without breathing.


Message History

* * * LOW HITPOINT WARNING * * *
The orc closely misses you.
The guardian serpent closely misses you.
You closely miss the guardian serpent.
The guardian serpent casts a spell at you.
The bolt of poison hits you! You resist. The orc barely misses you.
The orc warrior hits you with a +0 long sword!
* * * LOW HITPOINT WARNING * * *
You feel better.
The guardian serpent coils itself and waves its upper body at you.
You resist with some effort.
The guardian serpent coils itself and waves its upper body at you.
You feel as though you will be slow longer.
The orc completely misses you.
The orc warrior hits you with a +0 long sword!
* * * LOW HITPOINT WARNING * * *
The guardian serpent barely misses you.
You feel better. The guardian serpent misses you. The orc misses you.
The orc warrior hits you with a +0 long sword!
You die...

#################################
.................................
......#...###...oS...........####
.....(#...# #..o@##..........#
......#...###....##.....##...#
.)....#........).##..........####
##....#..........##..!..)........
##....#..........##..............
......#..........##..............
.................##..............
.................................
#####'##########'###########.....


You could see a guardian serpent, an orc warrior and an orc.

Vanquished Creatures
  Josephine (D:10)
  Maurice (D:8)
  A guardian serpent (D:10)
  2 hippogriffs
  A wyvern (D:8)
  4 wraiths (D:9)
  7 yaks
  A steam dragon (D:9)
  2 orc warriors
  6 sky beasts
  2 phantoms
  7 ogres
  9 centaurs
  A big kobold (D:9)
  2 bullfrogs
  A wyvern zombie (D:10)
  6 scorpions
  5 wights (D:8)
  3 howler monkeys
  A bullfrog zombie (D:5)
  5 crimson imps
  2 centaur zombies
  8 hounds
  2 quasits (D:6)
  2 orc priests
  A jelly (D:2)
  3 centaur skeletons
  A gnoll shaman (D:10)
  11 orc wizards
  4 iguanas
  9 worker ants
  A hound zombie (D:6)
  A hound skeleton (D:7)
  2 worker ant zombies
  A howler monkey zombie (D:6)
  16 adders
  3 gnolls (D:10)
  2 shadow imps (D:8)
  6 oozes
  2 adder zombies
  2 adder skeletons
  6 worms
  2 dart slugs (D:2)
  6 leopard geckos
  43 orcs
  15 bats
  9 giant cockroaches
  5 goblins
  6 hobgoblins
  11 jackals
  6 kobolds
  3 quokkas
  3 ball pythons
  4 frilled lizards
  A goblin skeleton (D:6)
  2 goblin zombies (D:6)
  A hobgoblin zombie (D:6)
  A kobold skeleton (D:6)
  An orc skeleton (D:6)
  2 orc zombies (D:6)
  A quokka skeleton (D:7)
  7 rats
282 creatures vanquished.

Vanquished Creatures (others)
  A plant (D:4)
1 creature vanquished.

Grand Total: 283 creatures vanquished

Notes
Turn   | Place    | Note
-------+----------+-------------------------------------------
     0 | D:1      | Borgoz the Ghoul Gladiator began the quest for the Orb.
     0 | D:1      | Reached XP level 1. HP: 17/17 MP: 0/0
   127 | D:1      | Reached XP level 2. HP: 21/23 MP: 1/1
   495 | D:1      | Reached XP level 3. HP: 20/27 MP: 2/2
   588 | D:2      | Reached skill level 4 in Unarmed Combat
   755 | D:2      | Found a shadowy altar of Dithmenos.
   915 | D:2      | Reached XP level 4. HP: 27/37 MP: 3/3
  1004 | D:2      | Found an opulent altar of Gozag.
  1200 | D:2      | Reached skill level 1 in Armour
  1623 | D:3      | Reached XP level 5. HP: 13/41 MP: 4/4
  1823 | D:3      | Found a glowing drain.
  1841 | D:3      | Reached skill level 5 in Unarmed Combat
  1853 | Sewer    | Entered a sewer
  2765 | D:3      | Found a sparkling altar of Nemelex Xobeh.
  2795 | D:3      | Reached XP level 6. HP: 47/50 MP: 5/5
  3278 | D:4      | Found a stormy altar of Qazlal.
  3327 | D:4      | Reached skill level 6 in Unarmed Combat
  3360 | D:4      | Reached XP level 7. HP: 50/57 MP: 6/6
  3400 | D:4      | Got an ancient bronze ring
  3768 | D:4      | Reached skill level 7 in Unarmed Combat
  4082 | D:5      | Entered Level 5 of the Dungeon
  4107 | D:5      | Found a staircase to the Ecumenical Temple.
  4117 | D:5      | Reached XP level 8. HP: 64/64 MP: 7/7
  4130 | Temple   | Entered the Ecumenical Temple
  4673 | D:5      | Reached skill level 8 in Unarmed Combat
  4727 | D:5      | Found a radiant altar of Vehumet.
  5050 | D:6      | Found a glowing golden altar of the Shining One.
  5142 | D:6      | Reached skill level 5 in Dodging
  5142 | D:6      | Reached skill level 9 in Unarmed Combat
  5151 | D:6      | Identified the ring of Elyvilon's Regard {rElec Dex+3
                  | Stlth+} (You found it on level 4 of the Dungeon)
  5183 | D:6      | Noticed a hippogriff
  5193 | D:6      | Killed a hippogriff
  5242 | D:6      | Reached XP level 9. HP: 42/71 MP: 8/8
  5248 | D:6      | Got a steaming leather armour
  5715 | D:6      | Reached skill level 10 in Unarmed Combat
  5775 | D:6      | HP: 1/71 [ogre/+0 giant spiked club (14)]
  6665 | D:7      | Identified the +1 leather armour of Patterns {*Slow rC+ rN+
                  | Regen+} (You found it on level 6 of the Dungeon)
  6750 | D:7      | Reached skill level 11 in Unarmed Combat
  6891 | D:7      | Reached XP level 10. HP: 54/80 MP: 9/9
  6906 | D:7      | Reached skill level 5 in Fighting
  6906 | D:7      | Reached skill level 12 in Unarmed Combat
  7434 | D:8      | Found a staircase to the Lair.
  7590 | D:8      | Reached skill level 1 in Evocations
  7666 | D:8      | Found a white marble altar of Elyvilon.
  7670 | D:8      | Found a burning altar of Makhleb.
  7686 | D:8      | Found an iron altar of Okawaru.
  7698 | D:8      | Found Donakefra's Antique Armour Emporium.
  7815 | D:8      | Reached skill level 5 in Armour
  7911 | D:8      | Noticed Maurice
  7948 | D:8      | Killed Maurice
  8291 | D:8      | Noticed an ice statue
  8329 | D:9      | Found a sacrificial altar of Ru.
  8432 | D:9      | Found a basalt altar of Yredelemnul.
  8435 | D:9      | Found a shimmering altar of Xom.
  8494 | D:9      | Found a transporter.
  8494 | D:9      | Noticed bli's ghost (journeyman DrFi)
  8525 | D:9      | Found a transporter.
  8541 | D:9      | Noticed a deep troll
  8544 | D:9      | Noticed a centaur warrior
  9198 | D:10     | Entered Level 10 of the Dungeon
  9255 | D:10     | Reached XP level 11. HP: 77/90 MP: 12/12
  9279 | D:10     | Noticed Josephine
  9680 | D:10     | Killed Josephine
 10574 | D:9      | HP: 3/92 [orc warrior/+0 long sword (15)]
 10575 | D:9      | Slain by an orc warrior

Vault maps used:
D:1:      psy_arrival_radial02, lemuel_another_geyser
D:2:      grunt_gozag_statues, overflow_temple_1_default, minmay_pentomino_z4
D:3:      nemelex_altar_shiori, gup_sewer_entry_pipe
D:4:      grunt_qazlal_sundering, chequers_big_river
D:5:      kennysheep_little_box, minmay_temple_entry_ruins, first_ration
D:6:      nicolae_tso_besieged_by_evil
D:7:      enter_bailey_2
D:8:      lemuel_ice_statue, minitemple, lair_entry_dummy, serial_shops, shop,
          minmay_fractal_squares_gapless_5, uniq_maurice
D:9:      grunt_temple_overflow_open, gammafunk_ghost_arena,
          blue_anna_alchemist, nicolae_ru_awakened_eye
D:10:     nrook_guardian_serpent_snake_passage, uniq_josephine
D:11:     david_orc_2, serial_shops, kennysheep_mini_moat
Temple:   minmay_temple_forest_path
Sewer:    sewer_fruit_machine

Skill      XL: |  1  2  3  4  5  6  7  8  9 10 11 |
---------------+----------------------------------+-----
Dodging        | 3 4 5 6 7 |  7.5
Unarmed Combat | 4 5 6 7 9 11 12 | 12.9
Armour         | 1 2 3 4 5 6 |  6.1
Fighting       | 3 4 6 7 |  7.0
Evocations     | 3 |  3.8
Throwing       | |  1.7

Action                   |  1- 3 |  4- 6 |  7- 9 | 10-12 || total
-------------------------+-------+-------+-------+-------++-------
Melee: Unarmed           |    97 |   314 |   400 |   315 ||  1126
       Punch             |     1 |    11 |    20 |    30 ||    62
  Use: Potion            |       |     4 |     5 |     5 ||    14
       Scroll            |       |       |    15 |     4 ||    19
 Stab: Sleeping          |       |       |     2 |     7 ||     9
       Distracted        |       |       |     1 |       ||     1
  Eat: Chunk             |     6 |    28 |    52 |    27 ||   113
Armor: Leather armour    |    20 |    92 |    68 |    49 ||   229
Dodge: Dodged            |    61 |   240 |   272 |   245 ||   818

Table legend:
 A = Non-vault XP
 B = Vault XP
 C = Vault XP percentage of total XP
 D = Non-vault monster count
 E = Vault monster count
 F = Vault count percentage of total count
                 A         B        C        D         E       F
            +---------+---------+-------+---------+---------+-------
      Total |    9462 |    3098 |  24.7 |     231 |      51 |  18.1
            +---------+---------+-------+---------+---------+-------
        D:1 |      36 |       0 |   0.0 |      17 |       0 |   0.0
        D:2 |     111 |       3 |   2.6 |      21 |       2 |   8.7
        D:3 |     179 |      15 |   7.7 |      19 |       6 |  24.0
        D:4 |     689 |       0 |   0.0 |      24 |       0 |   0.0
        D:5 |     727 |       0 |   0.0 |      23 |       0 |   0.0
        D:6 |    1103 |      53 |   4.6 |      21 |       9 |  30.0
        D:7 |    2340 |       0 |   0.0 |      30 |       0 |   0.0
        D:8 |    1691 |     534 |  24.0 |      28 |       3 |   9.7
        D:9 |    1190 |     934 |  44.0 |      27 |       5 |  15.6
       D:10 |    1137 |    1491 |  56.7 |      20 |       2 |   9.1
       D:11 |     259 |       0 |   0.0 |       1 |       0 |   0.0
      Sewer |       0 |      68 | 100.0 |       0 |      24 | 100.0
            +---------+---------+-------+---------+---------+-------
